 Dungeon Crawl Stone Soup version 0.21.1-74-g47da9253eb (webtiles) character file.

9419 Gargoyl the Cleaver (level 11, -1/91 HPs)
             Began as a Centaur Abyssal Knight on Aug 9, 2018.
             Was an Elder of Lugonu.
             Slain by a spiny frog (2 damage)
             ... on level 2 of the Lair of Beasts.
             The game lasted 00:22:09 (14281 turns).

Gargoyl the Cleaver (Centaur Abyssal Knight)       Turns: 14281, Time: 00:22:09

Health: -1/91      AC: 13    Str: 17    XL:     11   Next: 22%
Magic:  6/15       EV: 15    Int: 11    God:    Lugonu [****..]
Gold:   616        SH:  3    Dex: 10    Spells: 10/10 levels left

rFire    . . .     SeeInvis .   s - +6 hand axe
rCold    . . .     Gourm    .   x - +0 buckler
rNeg     . . .     Faith    .   d - +2 ring mail {rPois}
rPois    +         Spirit   .   F - +0 helmet
rElec    .         Reflect  .   (no cloak)
rCorr    .         Harm     .   k - +0 pair of gloves
MR       .....                  (no barding)
Stlth    ..........             (no amulet)
HPRegen  0.25/turn              u - +6 ring of evasion
MPRegen  0.14/turn              (no ring)

@: very quick
A: large, hooves 3, iridescent scales 1, deformed body, speed 2, low mp 1, tough
skin 3
a: Depart the Abyss, Bend Space, Banish, Corrupt, Renounce Religion


You were on level 2 of the Lair of Beasts.
You worshipped Lugonu.
Lugonu was greatly pleased with you.
You were near starving.

You visited 2 branches of the dungeon, and saw 10 of its levels.
You visited the Abyss 1 time.

You collected 616 gold pieces.

Inventory:

Hand Weapons
 a - a +1 hand axe
 s - a +6 hand axe (weapon)
 G - a +0 war axe
Missiles
 b - 5 curare-tipped needles
 w - 8 needles of confusion
 A - 8 tomahawks (quivered)
Armour
 d - a +2 ring mail of poison resistance (worn)
 k - a +0 pair of gloves (worn)
 x - a +0 buckler (worn)
 F - a +0 helmet (worn)
Jewellery
 g - an uncursed ring of ice
 u - a +6 ring of evasion (left hand)
 H - a cursed +2 amulet of reflection {unknown}
Wands
 e - a wand of flame (12)
 j - a wand of polymorph (16)
 l - a wand of acid (8)
 q - a wand of iceblast (9)
 I - a wand of random effects (21)
Scrolls
 i - 4 scrolls of remove curse
 n - 5 scrolls of fog
 o - a scroll of enchant armour
 v - a scroll of magic mapping
 y - 2 scrolls of teleportation
 z - 3 scrolls of identify
 C - 2 scrolls of fear
 E - a scroll of amnesia
Potions
 f - 5 potions of curing
 h - 4 potions of heal wounds
 m - a potion of flight
 p - a potion of berserk rage
 r - a potion of mutation
Books
 D - a book of Air

   Spells                             Type                      Level
   a - Shock                          Conjuration/Air              1
   b - Swiftness                      Charms/Air                   2
   c - Static Discharge               Conjuration/Air              3
   d - Airstrike                      Air                          4
   e - Lightning Bolt                 Conjuration/Air              5
Comestibles
 c - 21 rations


   Skills:
 + Level 6.8 Fighting
 + Level 9.1 Axes
 + Level 1.7 Throwing
 * Level 7.4 Armour
 + Level 3.6 Dodging
 + Level 1.4 Shields
 * Level 8.4 Invocations
 + Level 1.5 Evocations


You had 10 spell levels left.
You didn't know any spells.

Dungeon Overview and Level Annotations

Branches:
Dungeon (8/15)             Temple (0/1) D:5            Lair (2/6) D:8
  Swamp: Lair:2-4    Shoals: Lair:2-4     Snake: Lair:2-4    Spider: Lair:2-4

Altars:
Elyvilon
Sif Muna
Zin

Shops:
D:7 :


Innate Abilities, Weirdness & Mutations

You have hooves in place of feet.
Armour fits poorly on your strangely shaped body.
You cover ground very quickly.
You have extremely tough skin. (AC +3)
You are partially covered in iridescent scales. (AC +2)
Your magical capacity is low. (-10% MP)


Message History

You hit the porcupine.
You kill the porcupine!
Lugonu accepts your kill.
* * * LOW HITPOINT WARNING * * *
You feel sick. The spiny frog misses you.
You hit the spiny frog but do no damage.
You kick the spiny frog!
The spiny frog is severely wounded.
* * * LOW HITPOINT WARNING * * *
You feel sick. The spiny frog stings you!
* * * LOW HITPOINT WARNING * * *
You are more poisoned.
The spiny frog poisons you!
You feel better. You block the spiny frog's attack.
You hit the spiny frog.
The spiny frog is severely wounded.
The spiny frog stings you!
* * * LOW HITPOINT WARNING * * *
The spiny frog stings you.
You die...

......##...## .......
.(.....P.... #..(.....
...........# #........
...._...... #........
.......#..# #........
..........#####<.......
........................
........................
.......@...##.P.........
......†F..#####.........
........?.P###..........
..........###...........
..........# ##..........
..........# ##.........
........... #...#####..
..........## ##...# #...
#..## #P..


You could see a spiny frog.

Vanquished Creatures
  Fannar (Lair:1)
  Pikel (D:4)
  Psyche (D:8)
  The ghost of hurdos the Chopper, a novice DsBe of Trog (D:5)
  3 spiny frogs (Lair:1)
  Prince Ribbit (D:8)
  4 blink frogs
  A hippogriff (Lair:1)
  4 yaks (D:6)
  A hungry ghost (D:7)
  3 porcupines
  4 slaves (D:4)
  3 water moccasins
  2 sky beasts (D:8)
  An ice beast (D:5)
  3 orc warriors
  A necrophage (D:4)
  2 phantoms (D:7)
  4 ogres
  2 wolves
  2 crocodiles
  2 centaurs
  6 bullfrogs
  A wyvern skeleton (D:5)
  3 scorpions
  A water moccasin skeleton (D:3)
  The ghost of Lavandula the Chopper, a weakling CeBe of Trog (D:4)
  3 killer bees (D:8)
  3 electric eels (D:7)
  3 howler monkeys
  A crimson imp (D:6)
  A centaur zombie (D:7)
  5 jellies
  5 bullfrog skeletons
  4 hounds
  2 orc priests (D:8)
  4 orc wizards
  Jessica (D:2)
  7 iguanas
  5 worker ants
  2 hound zombies
  A worker ant zombie (D:6)
  6 gnolls
  10 adders
  A shadow imp (D:6)
  6 oozes
  An adder skeleton (D:4)
  An adder zombie (D:7)
  5 worms
  3 dart slugs
  4 leopard geckos
  18 orcs
  3 bats
  6 giant cockroaches
  7 goblins
  10 hobgoblins
  16 jackals
  4 kobolds
  2 quokkas
  A ball python skeleton (D:4)
  7 frilled lizards
  2 quokka skeletons
  5 rats
  A plant (Lair:1)
225 creatures vanquished.

Vanquished Creatures (collateral kills)
  2 orc wizards (D:6)
  3 gnolls (D:8)
  2 orcs (D:6)
7 creatures vanquished.

Vanquished Creatures (others)
  A hydra (Lair:2)
  2 yaks (D:6)
  A gnoll sergeant (D:8)
  An electric eel (D:7)
  An iguana (D:7)
  An orc wizard (D:6)
  An orc (D:7)
  A quokka (D:4)
  A plant (Lair:1)
10 creatures vanquished.

Grand Total: 242 creatures vanquished

Notes
Turn   | Place    | Note
-------+----------+-------------------------------------------
     0 | Abyss:1  | Gargoyl the Centaur Abyssal Knight began the quest for the Orb.
     0 | Abyss:1  | Reached XP level 1. HP: 19/19 MP: 2/2
   115 | Abyss:1  | Noticed a spatial vortex
   129 | Abyss:1  | Noticed a stone giant zombie
   157 | Abyss:1  | Noticed a ynoxinul
   178 | Abyss:1  | Noticed a small abomination
   179 | Abyss:1  | Noticed a small abomination
   181 | Abyss:1  | Noticed a chaos spawn
   183 | Abyss:1  | Noticed a raiju
   186 | Abyss:1  | Noticed a raiju
   205 | Abyss:1  | Noticed a golden dragon zombie
   226 | Abyss:2  | Noticed a green very ugly thing
   254 | Abyss:2  | Noticed a large abomination
   320 | Abyss:3  | Noticed a worldbinder
   321 | D:1      | Escaped the Abyss
   666 | D:1      | Reached skill level 2 in Axes
   666 | D:1      | Reached XP level 2. HP: 26/26 MP: 3/3
  1111 | D:1      | Reached * piety under Lugonu
  1870 | D:2      | Noticed Jessica
  1877 | D:2      | Killed Jessica
  1877 | D:2      | Reached XP level 3. HP: 18/31 MP: 4/4
  2035 | D:2      | Reached XP level 4. HP: 35/39 MP: 5/5
  2386 | D:2      | Reached skill level 1 in Dodging
  2748 | D:3      | Reached XP level 5. HP: 22/46 MP: 7/7
  2963 | D:3      | Reached ** piety under Lugonu
  3210 | D:3      | Noticed a wolf
  3210 | D:3      | an orc priest changed into a wolf
  3223 | D:3      | Killed a wolf
  3223 | D:3      | Reached skill level 3 in Axes
  3223 | D:3      | Reached XP level 6. HP: 28/52 MP: 8/8
  3745 | D:4      | Noticed a slave
  3747 | D:4      | Noticed a slave
  3767 | D:4      | Killed a slave
  3799 | D:4      | Noticed a slave
  3799 | D:4      | Noticed a slave
  3803 | D:4      | Noticed Lavandula's ghost (weakling CeBe)
  3820 | D:4      | Killed a slave
  3825 | D:4      | Killed a slave
  3841 | D:4      | Killed a slave
  4205 | D:4      | Killed Lavandula's ghost
  4325 | D:4      | Noticed Pikel
  4340 | D:4      | Killed Pikel
  4340 | D:4      | Reached skill level 4 in Axes
  4340 | D:4      | Reached XP level 7. HP: 40/59 MP: 8/10
  4465 | D:4      | Found a white marble altar of Elyvilon.
  4685 | D:4      | Reached XP level 8. HP: 39/67 MP: 11/11
  5267 | D:4      | Reached skill level 5 in Axes
  5400 | D:5      | Entered Level 5 of the Dungeon
  5419 | D:5      | Found a staircase to the Ecumenical Temple.
  5530 | D:5      | Noticed hurdos's ghost (novice DsBe)
  5544 | D:5      | Killed hurdos's ghost
  5549 | D:5      | Reached skill level 5 in Invocations
  5753 | D:5      | Reached skill level 1 in Throwing
  5774 | D:5      | Reached skill level 5 in Armour
  5865 | D:5      | Noticed Blork the orc
  5868 | D:5      | Noticed Blork
  5868 | D:5      | Blork the orc changed into Blork the centaur
  5878 | D:5      | Killed Blork the centaur
  6251 | D:5      | Noticed Edmund
  6257 | D:5      | Noticed Edmund
  6257 | D:5      | Edmund changed into Edmund the crocodile
  6264 | D:5      | Killed Edmund the crocodile
  6264 | D:5      | Reached skill level 5 in Fighting
  6446 | D:6      | Reached skill level 6 in Axes
  6464 | D:6      | Reached *** piety under Lugonu
  6503 | D:6      | Reached XP level 9. HP: 53/74 MP: 11/13
  7454 | D:6      | Reached skill level 7 in Axes
  8132 | D:6      | Noticed an angel
  8133 | D:6      | Found a glowing silver altar of Zin.
  8282 | D:6      | Reached skill level 1 in Evocations
  8509 | D:7      | Found Qogrowkeid's Book Boutique.
  8587 | D:7      | Reached **** piety under Lugonu
  8917 | D:7      | Reached XP level 10. HP: 46/83 MP: 15/15
  9707 | D:8      | Noticed Psyche
  9723 | D:8      | Killed Psyche
 10024 | D:8      | Reached skill level 1 in Shields
 10056 | D:8      | HP: 3/83 [iguana (11)]
 10989 | D:8      | Found a staircase to the Lair.
 11469 | D:8      | Reached skill level 8 in Axes
 11545 | D:8      | Noticed Prince Ribbit
 11558 | D:8      | Killed Prince Ribbit
 11907 | D:8      | Reached ***** piety under Lugonu
 11947 | Lair:1   | Entered Level 1 of the Lair of Beasts
 12199 | Lair:1   | Noticed a spiny frog
 12210 | Lair:1   | Killed a spiny frog
 12329 | Lair:1   | Noticed a spiny frog
 12342 | Lair:1   | Killed a spiny frog
 12729 | Lair:1   | Noticed a spiny frog
 12741 | Lair:1   | Killed a spiny frog
 13247 | Lair:1   | Noticed Fannar
 13254 | Lair:1   | Gained mutation: Your magical capacity is low. (-10% MP) [potion of mutation]
 13254 | Lair:1   | Gained mutation: You are partially covered in iridescent scales. (AC +2) [potion of mutation]
 13268 | Lair:1   | Killed Fannar
 13268 | Lair:1   | Reached XP level 11. HP: 72/91 MP: 15/15
 13727 | Lair:2   | Reached skill level 9 in Axes
 14246 | Lair:2   | Noticed a five-headed hydra
 14250 | Lair:2   | Banished a five-headed hydra
 14266 | Lair:2   | Found a deep blue altar of Sif Muna.
 14281 | Lair:2   | HP: 1/91 [spiny frog (13)]
 14281 | Lair:2   | Slain by a spiny frog

Skill      XL: |  1  2  3  4  5  6  7  8  9 10 11 |
---------------+----------------------------------+-----
Axes           | 2 3 4 6 7 8 9 |  9.1
Armour         | 2 3 4 5 6 7 |  7.4
Dodging        | 1 2 3 |  3.6
Invocations    | 3 4 5 6 8 |  8.4
Fighting       | 4 5 6 |  6.8
Throwing       | 1 |  1.7
Evocations     | 1 |  1.5
Shields        | 1 |  1.4

Action                   |  1- 3 |  4- 6 |  7- 9 | 10-12 || total
-------------------------+-------+-------+-------+-------++-------
Melee: Hand axe          |    56 |   219 |   423 |   334 ||  1032
       Kick              |     3 |    32 |   102 |    77 ||   214
Throw: Tomahawk          |       |       |    14 |     7 ||    21
Invok: Depart the Abyss  |     1 |       |       |       ||     1
       Banish            |       |       |       |     4 ||     4
Evoke: Wand              |       |     4 |    25 |     3 ||    32
  Use: Potion            |     1 |     1 |       |    10 ||    12
       Scroll            |     4 |     8 |     3 |     5 ||    20
  Eat: Chunk             |     2 |     7 |    14 |     8 ||    31
       Ration            |       |       |     1 |     2 ||     3
Armor: Ring mail         |    22 |   129 |   132 |    99 ||   382
       Leather armour    |     1 |       |       |       ||     1
Dodge: Dodged            |    25 |    84 |   256 |   207 ||   572
Block: Buckler           |       |       |    38 |    41 ||    79
